 Dungeon Crawl Stone Soup version 0.29.1-15-g9cfb28693d (webtiles) character file.

Game seed: 5855620973115499430

1048 promet the Chopper (level 8, -1/67 HPs)
             Began as a Black Draconian Gladiator on Mar 8, 2023.
             Slain by an orc warrior
             ... wielding a +0 mace
              (6 damage)
             ... on level 5 of the Dungeon.
             The game lasted 00:27:13 (7054 turns).

promet the Chopper (Black Draconian Gladiator)      Turns: 7054, Time: 00:27:13

Health: -1/67      AC: 11    Str: 16    XL:     8   Next: 5%
Magic:  9/9        EV: 13    Int: 11    God:
Gold:   274        SH:  0    Dex: 13    Spells: 8/9 levels left

rFire   . . .      SeeInvis .   a - +0 battleaxe (chaos)
rCold   . . .      Faith    .   (shield currently unavailable)
rNeg    . . .      Spirit   .   (body armour unavailable)
rPois   .          Reflect  .   t - +2 hat
rElec   +          Harm     .   (no cloak)
rCorr   .          Rampage  .   (no gloves)
Will    .....                   m - +2 pair of boots
Stlth   ++........              (no amulet)
HPRegen 0.21/turn               (no ring)
MPRegen 0.11/turn               (no ring)

@: attractive
A: breathe lightning, AC +6, unfitting armour, electricity resistance,
cold-blooded
a: Breathe Lightning


You were on level 5 of the Dungeon.
You visited 1 branch of the dungeon, and saw 6 of its levels.

You collected 301 gold pieces.
You spent 27 gold pieces at shops.

Inventory:

Hand Weapons
 a - a +0 battleaxe of chaos (weapon)
 b - a +0 sling
 l - a +0 dagger of venom
 o - a +1 rapier of protection
 p - a +0 morningstar
 y - a +5 club
Missiles
 c - 2 throwing nets
 d - a javelin
 f - 52 stones
 n - 7 boomerangs (quivered)
 s - 3 atropa-tipped darts
 v - 2 poisoned darts
Armour
 m - a +2 pair of boots (worn)
 t - a +2 hat (worn)
Jewellery
 k - an amulet of the acrobat
Wands
 w - a wand of flame (14)
 C - a wand of digging (5)
Scrolls
 h - 5 scrolls of noise
 x - a scroll of vulnerability
 A - 2 scrolls of enchant armour
Potions
 e - 4 potions of curing
 g - 3 potions of ambrosia {unknown}
 i - 3 potions of lignification
 j - a potion of might
 q - a potion of brilliance
 u - a potion of flight {unknown}
 z - 2 potions of heal wounds {unknown}
 B - 2 potions of attraction


   Skills:
 + Level 4.3 Fighting
 + Level 3.5 Short Blades
 + Level 5.3 Axes
 + Level 2.1 Ranged Weapons
 + Level 2.6 Throwing
 + Level 4.2 Dodging
 + Level 2.4 Stealth
 + Level 1.3 Spellcasting
 + Level 1.2 Earth Magic


You had 8 spell levels left.
You knew the following spells:

 Your Spells              Type           Power      Damage    Failure   Level
a - Sandblast             Erth           6%         2d5       19%         1

Your spell library contained the following spells:

 Spells                   Type           Power      Damage    Failure   Level
 Passwall                 Tmut/Erth      1%         N/A       36%         2
 Sublimation of Blood     Necr           0%         N/A       43%         2
 Wereblood                Tmut           0%         N/A       43%         2
 Stone Arrow              Conj/Erth      4%         3d7       58%         3
 Fulminant Prism          Conj/Hex       0%         3d6       97%         4
 Iskenderun's Mystic Bla  Conj/Tloc      0%         2d3       97%         4
 Lee's Rapid Deconstruct  Erth           1%         3d5*      99%         5
 Summon Hydra             Summ           0%         N/A       100%        7


Dungeon Overview and Level Annotations

Branches:
Dungeon (6/15)             Temple (0/1) D:6

Altars:
Cheibriados
Dithmenos
Elyvilon
Makhleb
Okawaru
Qazlal
Vehumet
Xom

Shops:
D:2 (

Annotations:
D:5 3 runed translucent doors, leafyfresh's ghost, weakling OpDe


Innate Abilities, Weirdness & Mutations

You can breathe wild blasts of lightning.
Your glossy black scales are hard. (AC +6)
You cannot fit into any form of body armour.
You are resistant to electric shocks. (rElec)
You are cold-blooded and may be slowed by cold attacks.


Message History

Something hits you but does no damage.
You closely miss the orc warrior. You closely miss something.
The orc warrior completely misses you. Something hits you.
The orc warrior hits you with a +0 mace.
Casting: Sandblast (safe; 19% risk of failure)
Confirm with . or Enter, or press ? or * to list all spells.
Aiming: Sandblast (safe; 19% risk of failure)
Press: ? - help, Shift-Dir - straight line, f - orc warrior
Aim: an orc warrior, wielding a +0 mace and wearing a +0 plate armour (81% to hit)
The blast of sand hits the orc warrior but does no damage.
Something hits you but does no damage. The orc warrior misses you.
Something hits you.
The orc warrior attacks as you move away!
The orc warrior hits you with a +0 mace.
An orc wizard appears from thin air!
Reactivating autopickup.
The orc warrior attacks as you move away!
The orc warrior misses you.
The orc warrior attacks as you move away!
The orc warrior hits you but does no damage.
The orc warrior attacks as you move away!
The orc warrior hits you with a +0 mace!
* * * LOW HITPOINT WARNING * * *
The orc warrior attacks as you move away!
The orc warrior hits you with a +0 mace.
* * * LOW HITPOINT WARNING * * *
There is a stone staircase leading up here.
Magic restored.
The orc warrior hits you with a +0 mace!
* * * LOW HITPOINT WARNING * * *
You climb upwards.
Level annotation: 3 runed translucent doors, leafyfresh's ghost, weakling OpDe
There is a stone staircase leading down here.
It was a potion of cancellation.
You feel magically purged.
The orc warrior hits you with a +0 mace.
* * * LOW HITPOINT WARNING * * *
It was a potion of attraction.
You feel attractive to monsters.
The orc warrior hits you with a +0 mace.
You die...

....###.........##.###........#..
####.............#...............
...#.............##...##.........
.................##..............
.................##..............
.................##.#............
.........##...##.##.#......###...
###########...##.o..#......# #...
#...##@.###......# #... #...#####
#......# #... #...# #......# #...
##### #......# #... #......# ####
########


You could see an orc warrior.

Vanquished Creatures
  A water moccasin (D:4)
  2 ice beasts
  An ogre (D:4)
  Blork the orc (D:4)
  2 scorpions
  3 hounds
  4 orc priests
  An iguana (D:4)
  Ijyb (D:4)
  2 orc wizards (D:6)
  7 adders
  A shadow imp (D:6)
  2 ufetubi
  A worm (D:4)
  3 dart slugs
  13 orcs
  6 bats
  8 endoplasms
  2 giant cockroaches (D:4)
  7 goblins
  8 hobgoblins
  3 kobolds
  3 quokkas (D:1)
  10 ball pythons
  3 frilled lizards
  4 rats
99 creatures vanquished.

Vanquished Creatures (others)
  A fungus (D:5)
  4 plants
5 creatures vanquished.

Grand Total: 104 creatures vanquished

Notes
Turn   | Place    | Note
-------+----------+-------------------------------------------
     0 | D:1      | promet the Draconian Gladiator began the quest for the Orb.
     0 | D:1      | Reached XP level 1. HP: 17/17 MP: 1/1
   428 | D:1      | Found a faded altar of an unknown god.
   436 | D:1      | Reached XP level 2. HP: 19/24 MP: 2/2
  1191 | D:1      | Reached XP level 3. HP: 30/30 MP: 3/3
  1224 | D:2      | Found Juse's Weapon Emporium.
  1252 | D:2      | Bought 5 boomerangs for 27 gold pieces
  2441 | D:3      | Reached XP level 4. HP: 37/37 MP: 4/4
  2599 | D:3      | Learned a level 1 spell: Sandblast
  3129 | D:3      | Found an iron altar of Okawaru.
  3152 | D:3      | Found a shadowy altar of Dithmenos.
  3370 | D:4      | Found a white marble altar of Elyvilon.
  3372 | D:4      | Found a radiant altar of Vehumet.
  3440 | D:4      | Reached skill level 1 in Axes
  3498 | D:4      | Noticed a scorpion
  3517 | D:4      | Killed a scorpion
  3518 | D:4      | Reached skill level 2 in Axes
  3518 | D:4      | Reached skill level 1 in Stealth
  3518 | D:4      | Reached XP level 5. HP: 21/45 MP: 5/5
  3750 | D:4      | Noticed a water moccasin
  3761 | D:4      | Killed a water moccasin
  3762 | D:4      | Reached skill level 3 in Axes
  3762 | D:4      | Reached XP level 6. HP: 22/51 MP: 4/6
  4377 | D:4      | Noticed Ijyb
  4390 | D:4      | Killed Ijyb
  4548 | D:4      | Noticed an ice beast
  4559 | D:4      | Killed an ice beast
  4560 | D:4      | Reached skill level 1 in Ranged Weapons
  4560 | D:4      | Reached skill level 1 in Earth Magic
  4851 | D:4      | Noticed Blork the orc
  4864 | D:4      | Killed Blork the orc
  4865 | D:4      | Reached skill level 4 in Axes
  4865 | D:4      | Your scales start taking on a glossy black colour.
  4865 | D:4      | Reached XP level 7. HP: 33/58 MP: 2/8
  4865 | D:4      | Gained mutation: You are resistant to electric shocks.
                  | (rElec) [Black Draconian growth]
  5068 | D:4      | Found a shimmering altar of Xom.
  5191 | D:5      | Entered Level 5 of the Dungeon
  5209 | D:5      | Found a stormy altar of Qazlal.
  5308 | D:5      | Reached skill level 1 in Spellcasting
  5561 | D:5      | Found a burning altar of Makhleb.
  5697 | D:5      | Reached skill level 5 in Axes
  6173 | D:5      | Found a runed translucent gate.
  6174 | D:5      | Found a runed translucent gate.
  6174 | D:5      | Found a runed translucent gate.
  6176 | D:5      | Noticed leafyfresh's ghost (weakling OpDe)
  6403 | D:6      | Found a snail-covered altar of Cheibriados.
  6604 | D:6      | Reached XP level 8. HP: 12/66 MP: 9/9
  6916 | D:6      | Found a staircase to the Ecumenical Temple.
  7054 | D:5      | Slain by an orc warrior

Illustrated notes

Levels and vault maps discovered:
D:1:      ncdulo_smallfort, layout_rooms, basic_ecumenical_altar,
          minmay_shallow_snake_nest
D:2:      layout_loops_cross, serial_shops, nicolae_shop_hallway_plus,
          serial_rivers, chequers_serial_rivers_large_a,
          chequers_serial_rivers_micro_b, chequers_serial_rivers_large_b,
          chequers_serial_rivers_marsh
D:3:      layout_basic, nicolae_overflow_hidden_temple, grunt_ministairs_4
D:4:      layout_cave_pods, tgw_xom, chequers_temple_overflow_statue_of_worship,
          uniq_blork_the_orc, uniq_ijyb
D:5:      layout_basic, kennysheep_mini, mainiacjoe_overflow_boulevard,
          gammafunk_ghost_nasty_kobolds
D:6:      layout_gridville, mainiacjoe_overflow_alcove_2,
          mainiacjoe_overflow_small_starburst, minmay_temple_entry_stoned_glass,
          serial_rivers, chequers_serial_rivers_small_3,
          chequers_serial_rivers_small_3, chequers_serial_rivers_room_a,
          chequers_serial_rivers_small_3, serial_shops, shop

Skill      XL: |  1  2  3  4  5  6  7 |
---------------+----------------------+-----
Dodging        | 3 4 |  4.2
Throwing       | 2 |  2.6
Axes           | 2 3 4 5 |  5.3
Fighting       | 3 4 |  4.3
Stealth        | 1 2 |  2.4
Ranged Weapons | 1 2 |  2.1
Earth Magic    | 1 |  1.2
Spellcasting   | 1 |  1.3
Short Blades   | |  3.5

Action                   |  1- 3 |  4- 6 |  7- 9 || total
-------------------------+-------+-------+-------++-------
Melee: Rapier            |    87 |    10 |       ||    97
       Tailslap          |    14 |     9 |     8 ||    31
       Battleaxe         |    61 |    68 |    68 ||   197
       Punch             |       |     1 |       ||     1
 Fire: Sling             |       |    12 |     4 ||    16
Throw: Boomerang         |     3 |       |     7 ||    10
       Throwing net      |       |     3 |       ||     3
       Javelin           |       |     1 |       ||     1
       Dart              |       |     2 |       ||     2
 Cast: Sandblast         |       |    11 |     4 ||    15
 Abil: Breathe Lightning |       |       |     1 ||     1
  Use: Scroll            |     8 |     6 |     3 ||    17
       Potion            |     1 |     1 |     4 ||     6
 Stab: Paralysed         |       |     2 |       ||     2
       Sleeping          |       |     2 |     1 ||     3
Armor: Skin              |    78 |    36 |    60 ||   174
Dodge: Dodged            |   132 |    62 |    69 ||   263
